 Dungeon Crawl Stone Soup version 0.32-a0-913-g739538afd8 (console) character file.

Game seed: 7933207192510212234

3 petzl the Sneak (level 1, -1/17 (18) HPs)
             Began as a Formicid Delver on Apr 7, 2024.
             Slain by a phantom (2 damage)
             ... on level 3 of the Dungeon on Apr 8, 2024.
             The game lasted 00:02:38 (266 turns).

petzl the Sneak (Formicid Delver)                    Turns: 266, Time: 00:02:39

HP:   -1/17 (18)    AC:  3    Str: 16    XL:     1   Next: 55%
MP:   2/2           EV: 11    Int:  9    God:
Gold: 26            SH:  0    Dex: 15    Spells: 2/2 levels left

rFire   . . .        a - +0 mace
rCold   . . .        (no shield)
rNeg    . . .        b - +0 leather armour
rPois   .            (helmet unavailable)
rElec   .            (no cloak)
rCorr   .            (no gloves)
SInv    +            (no boots)
Will    .....        (no amulet)
Stlth   +++          (no ring)
HPRegen 0.22/turn    (no ring)
MPRegen 0.08/turn

%: no passive effects
@: drained
A: permanent stasis, dig shafts and tunnels, antennae 3, four strong arms
a: Dig, Shaft Self


You were on level 3 of the Dungeon.
You visited 1 branch of the dungeon, and saw 4 of its levels.

You collected 26 gold pieces.

Inventory:

Hand Weapons
 a - a +0 mace (weapon)
 i - a +0 flail
Armour
 b - a +0 leather armour (worn)
Wands
 f - a wand of digging (2)
Scrolls
 c - a scroll of fog
 d - a scroll of revelation
 g - a scroll of teleportation {unknown}
Potions
 h - a potion of brilliance {unknown}


   Skills:
 - Level 3.2 Fighting
 - Level 2.0 Maces & Flails
 - Level 1.7 Dodging
 - Level 6.0 Stealth
 + Level 1.0 Spellcasting


You had 2 spell levels left.
You didn't know any spells.
Your spell library was empty.

Dungeon Overview and Level Annotations

Branches:
Dungeon (6/15)
 Temple: D:4-7

Altars:

Annotations:
D:4 exclusion: wyvern
D:5 exclusions: downstairs and ogre


Innate Abilities, Weirdness & Mutations

You cannot be hasted, slowed, berserked, paralysed or teleported.
You can dig through walls and to a lower floor.
You have a pair of large antennae on your head. (SInv)
Your four strong arms can wield two-handed weapons with a shield.


Message History

You start resting.
HP restored.
Found 10 gold pieces.
You see here a +0 flail.
d - a scroll of revelation You see here a +0 flail.
i - a +0 flail You now have 26 gold pieces (gained 10).
You extend your mandibles.
You dig through the rock wall.
You feel drained.
A goblin, a phantom and a bombardier beetle come into view.
Found a ring mail.
Found a stone staircase leading up and a stone staircase leading down.
You retract your mandibles.
A ball python comes into view.
Found 16 gold pieces.
The ball python hisses angrily.
The phantom hits you.
There is a stone staircase leading up, spattered with blood here.
As you read the scroll of fear, it crumbles to dust.
You assume a fearsome visage.
The goblin looks frightened!
The goblin shouts!
The phantom is unaffected.
The bombardier beetle looks frightened!
The ball python looks frightened!
The phantom misses you.
Unknown command.
The phantom hits you!
* * * LOW HITPOINT WARNING * * *
You climb upwards.
Found a stone staircase leading down.
There is a stone staircase leading down here.
Hit: a) +0 mace
Press: ? - help, Dir - move target, f - phantom
Aim: a phantom (about 49% to evade your +0 mace)
Okay, then.
Unknown command.
The phantom attacks as it pursues you! The phantom hits you.
* * * LOW HITPOINT WARNING * * *
Are you sure you want to shaft yourself?
The phantom hits you.
You die...

.# ###.# #....
#.#.# #.#.#
#.#.#
#.####.#.##
.......@..######
..####.#W...>...
#.##.###### #.
.# .. .# .. .#
#.. .# ##. .# .#


You could see a phantom.

Vanquished Creatures
  An orc (D:4)
  A hobgoblin (D:4)
2 creatures vanquished.

Notes
Turn   | Place    | Note
-------+----------+-------------------------------------------
     0 | D:5      | petzl the Formicid Delver began the quest for the Orb.
     0 | D:5      | Reached XP level 1. HP: 18/18 MP: 1/1
     4 | D:6      | Noticed an iguana
     4 | D:6      | Noticed a hound
    92 | D:5      | Noticed an ogre
   157 | D:5      | Noticed a jelly
   195 | D:4      | Noticed a wyvern
   221 | D:4      | Reached skill level 1 in Spellcasting
   258 | D:4      | Noticed a phantom
   258 | D:4      | Noticed a bombardier beetle
   266 | D:3      | Slain by a phantom

Illustrated notes

Levels and vault maps discovered:
D:3:      layout_loops_ring, mainiacjoe_overflow_chevrons,
          nicolae_wu_jian_immortal_techniques
D:4:      layout_cave_pods, grunt_ministairs_9
D:5:      layout_loops_corners, lemuel_tele_altar,
          nicolae_overflow_hidden_temple, kennysheep_mini_moat,
          palyth_stone_intersect
D:6:      minmay_general_purpose_star, layout_gridville, xom_redecorated,
          nicolae_shop_overcharged_wands

Skill      XL: |  1 |
---------------+----+-----
Spellcasting   | 1 |  1.0
Fighting       | |  3.2
Maces & Flails | |  2.0
Dodging        | |  1.7
Stealth        | |  6.0

Action                     || total
---------------------------++-------
  Melee: Mace              ||     6
Ability: Dig               ||     1
         Shaft Self        ||     1
  Evoke: Wand              ||     1
    Use: Scroll            ||     2
   Stab: Sleeping          ||     1
 Armour: Leather armour    ||     6
  Dodge: Dodged            ||     5

Table legend: (Time is in decaauts)
 A = Elapsed time spent in this place.
 B = Non-inter-level travel time spent in this place.
 C = Inter-level travel time spent in this place.
 D = Time resting spent in this place.
 E = Time spent auto-exploring this place.
 F = Levels seen in this place.
 G = Mean time per level.
                   A        B        C        D        E       F      G
               +--------+--------+--------+--------+--------+-----+--------+
         Total |    268 |    268 |      0 |      3 |     69 |   4 |   67.0 |
       Dungeon |    268 |    268 |      0 |      3 |     69 |   4 |   67.0 |
               +--------+--------+--------+--------+--------+-----+--------+

Top non-repeatable levels by time:
     D:5: 166 daAuts
     D:4: 92 daAuts
     D:6: 8 daAuts
     D:3: 1 daAuts
